 Dungeon Sprint DCSS version 0.29-a0-789-g7a8fcbc185 (webtiles) character file.

Game seed: 6293235346598383068

11907 mhtbhm the Bludgeoner (level 11, -9/96 (105) HPs)
             Began as a Palentonga Fighter on July 2, 2022.
             Was an Initiate of Gozag.
             Killed from afar by an orc sorcerer (14 damage)
             ... with a bolt of negative energy
             ... in the Dungeon (Sprint IX: "|||||||||||||||||||||||||||||") on July 3, 2022.
             The game lasted 00:05:20 (3318 turns).

mhtbhm the Bludgeoner (Palentonga Fighter)          Turns: 3318, Time: 00:05:20

HP:   -9/96 (105)   AC: 21    Str: 24      XL:     11   Next: 55%
MP:   11/11         EV: 11    Int:  9 (12) God:    Gozag
Gold: 6795          SH:  5    Dex:  9      Spells: 10/10 levels left

rFire   . . .      SeeInvis +   a - +2 morningstar (vorpal)
rCold   . . .      Faith    .   c - +0 buckler
rNeg    . . .      Spirit   .   b - +1 scale mail
rPois   .          Reflect  .   m - +0 helmet
rElec   .          Harm     .   x - +0 cloak
rCorr   .          Rampage  .   n - +0 pair of gloves
Will    .....      NoTele   +   (no barding)
Stlth   +.........              (no amulet)
HPRegen 0.26/turn               o - +2 ring of evasion
MPRegen 0.12/turn               p - +3 ring of intelligence

@: gold aura, drained, curled up
A: large, rugged brown scales 3, see invisible, deformed body, roll 1, armoured
tail, reflexive curl
a: Rolling Charge, Renounce Religion, Potion Petition, Call Merchant, Bribe
Branch


You were in the Dungeon.
You worshipped Gozag.
Gozag was greatly pleased with you.
You visited 1 branch You collected 6795 gold pieces.

Inventory:

Hand Weapons
 a - a +2 vorpal morningstar (weapon)
 q - a +1 mace of holy wrath
Missiles
 y - a throwing net
Armour
 b - a +1 scale mail (worn)
 c - a +0 buckler (worn)
 m - a +0 helmet (worn)
 n - a +0 pair of gloves (worn)
 x - a +0 cloak (worn)
Jewellery
 o - a +2 ring of evasion (left hand)
 p - a +3 ring of intelligence (right hand)
 s - a ring of magical power
Wands
 l - a wand of light (1)
Scrolls
 j - 2 scrolls of blinking
 k - 2 scrolls of amnesia
 t - 3 scrolls of identify
 u - 2 scrolls of enchant armour
 v - a scroll of fog
 w - a scroll of fear
Potions
 d - a potion of might
 e - a potion of invisibility
 f - 2 potions of heal wounds
 g - 3 potions of haste
 h - 4 potions of magic
 i - 4 potions of curing
 r - a potion of berserk rage


   Skills:
 + Level 13.6 Fighting
 + Level 17.9 Maces & Flails
 + Level 11.8 Armour
 + Level 5.8 Dodging
 + Level 4.9 Stealth
 + Level 8.9 Shields
 + Level 3.0 Evocations


You had 10 spell levels left.
You didn't know any spells.
Your spell library was empty.

Dungeon Overview and Level Annotations

Branches:
Dungeon (1/1)

Altars:
Cheibriados
Dithmenos
Elyvilon
Fedhas
Gozag
Hepliaklqana
Kikubaaqudgha
Makhleb
Nemelex Xobeh
Okawaru
Qazlal
Ru
Sif Muna
Trog
Uskayaw
Vehumet
Wu Jian
Xom
Yredelemnul
Zin
The Shining One
Jiyva
Lugonu

Shops:
D =*


Innate Abilities, Weirdness & Mutations

You are completely covered in rugged brown scales. (AC +3, +7% HP)
You have supernaturally acute eyesight. (SInv)
Armour fits poorly on your strangely shaped body.
You can roll at nearby foes to attack.
You have a long armoured tail.
You curl defensively after being hit. (AC +7*)


Message History

There is an open door to Orc:2, spattered with blood here.
Items here: $ ))) [[[.
The orc sorcerer points at you and mumbles some strange words.
You suddenly lose the ability to move!
The orc sorcerer howls an incantation.
The orc sorcerer's hands start to glow.
The orc sorcerer is no longer blind.
The orc sorcerer is distracted by your dazzling golden aura.
You can move again.
Things that are here:
a +0 trident; a +0 chain mail Unknown command.
Aiming: Bolt of Light
Press: ? - help, Shift-Dir - straight line, f - orc sorcerer
Aim: an orc sorcerer, wielding a +0 dagger and wearing a +0 robe (moderately wounded, unaware, hasn't noticed you, 67% to hit)
The bolt of light hits the orc sorcerer!
The orc sorcerer is heavily wounded.
The orc sorcerer is no longer distracted by gold.
The orc sorcerer shouts!
The orc sorcerer is blinded.
The bolt of light misses the orc sorcerer.
The orc sorcerer casts a spell at you. The bolt of negative energy hits you!
You feel drained.
* * * LOW HITPOINT WARNING * * *
Unknown command.
Aiming: Bolt of Light
Press: ? - help, Shift-Dir - straight line, f/p - orc sorcerer
Aim: an orc sorcerer, wielding a +0 dagger and wearing a +0 robe (heavily wounded, blind, 67% to hit)
The bolt of light hits the orc sorcerer!
The orc sorcerer is almost dead.
The bolt of light hits the orc sorcerer!
The orc sorcerer is heavily wounded.
The orc sorcerer is blinded.
The orc sorcerer gestures at you while chanting.
The bolt of negative energy hits the orc sorcerer!!
The orc sorcerer is drained!
The orc sorcerer dies!
The bolt of negative energy hits you!
You feel drained.
You die...
Your body crumbles into a pile of gold.

..[...[..)..'____________________
▓▓▓▓▓▓▓▓▓▓▓▓▓▓▓▓▓▓▓▓▓▓▓▓▓▓▓▓▓▓▓▓▓
.................................
▓▓▓▓▓▓▓▓▓▓▓▓▓▓▓▓▓▓▓▓▓▓▓▓▓▓▓▓▓▓▓▓▓
.).[........'.........'.........'
▓▓▓▓▓▓▓▓▓▓▓▓▓▓▓▓▓▓▓▓▓▓▓▓▓▓▓▓▓▓▓▓▓
.................................
▓▓▓▓▓▓▓▓▓▓▓▓▓▓▓▓▓▓▓▓▓▓▓▓▓▓▓▓▓▓▓▓▓
$ $ $o§∩$$$$o$..@)))))))))'...)))
▓▓▓▓▓▓▓▓▓▓▓▓▓▓▓▓▓▓▓▓▓▓▓▓▓▓▓▓


You could see an orc sorcerer (blind).

Vanquished Creatures
  Harold (D)
  A centaur warrior (D)
  6 death yaks (D)
  An orc sorcerer (D)
  A manticore (D)
  A gargoyle (D)
  4 cane toads (D)
  3 komodo dragons (D)
  A polar bear (D)
  A shadow (D)
  8 yaks (D)
  3 basilisks (D)
  A steam dragon (D)
  A water moccasin (D)
  A water moccasin (shapeshifter) (D)
  9 orc warriors (D)
  An ogre (D)
  2 wolves (D)
  A bullfrog (D)
  2 boudas (D)
  A hound (D)
  A jelly (D)
  3 orc priests (D)
  6 orc wizards (D)
  A dart slug (D)
  10 orcs (D)
  A hobgoblin (D)
  A jackal (D)
  A bat (D)
  A goblin (D)
75 creatures vanquished.

Vanquished Creatures (others)
  3 orc sorcerers (D)
  An ugly thing (D)
  A vampire mosquito (D)
5 creatures vanquished.

Grand Total: 80 creatures vanquished

Notes
Turn   | Place    | Note
-------+----------+-------------------------------------------
     0 | D        | mhtbhm the Palentonga Fighter began the quest for the Orb.
     0 | D        | Reached XP level 1. HP: 19/19 MP: 1/1
    80 | D        | Noticed a bouda
    80 | D        | Noticed an ogre
    80 | D        | Noticed a hound
    80 | D        | Noticed a jelly
    83 | D        | Killed a jelly
    84 | D        | Reached skill level 3 in Maces & Flails
    84 | D        | Reached XP level 2. HP: 27/27 MP: 2/2
    84 | D        | Reached XP level 3. HP: 33/33 MP: 3/3
    92 | D        | Reached skill level 5 in Fighting
    94 | D        | Killed an ogre
    95 | D        | Reached skill level 5 in Maces & Flails
    95 | D        | Reached skill level 5 in Shields
    95 | D        | Reached XP level 4. HP: 42/42 MP: 4/4
    95 | D        | Reached XP level 5. HP: 49/49 MP: 5/5
   117 | D        | Reached skill level 5 in Armour
   133 | D        | Found a snail-covered altar of Cheibriados.
   133 | D        | Found a shadowy altar of Dithmenos.
   133 | D        | Found a white marble altar of Elyvilon.
   133 | D        | Found a blossoming altar of Fedhas.
   133 | D        | Found an opulent altar of Gozag.
   134 | D        | Found a hazy altar of Hepliaklqana.
   135 | D        | Found a viscous altar of Jiyva.
   136 | D        | Found an ancient bone altar of Kikubaaqudgha.
   137 | D        | Found a corrupted altar of Lugonu.
   138 | D        | Found a burning altar of Makhleb.
   139 | D        | Found a sparkling altar of Nemelex Xobeh.
   140 | D        | Found an iron altar of Okawaru.
   141 | D        | Became a worshipper of Gozag Ym Sagoz the Greedy
   142 | D        | Found a stormy altar of Qazlal.
   143 | D        | Found a sacrificial altar of Ru.
   144 | D        | Found a shimmering blue altar of Sif Muna.
   145 | D        | Found a bloodstained altar of Trog.
   146 | D        | Found a hide-covered altar of Uskayaw.
   147 | D        | Found a radiant altar of Vehumet.
   148 | D        | Found an ornate altar of the Wu Jian Council.
   149 | D        | Found a shimmering altar of Xom.
   150 | D        | Found a basalt altar of Yredelemnul.
   151 | D        | Found a glowing silver altar of Zin.
   152 | D        | Found a glowing golden altar of the Shining One.
   346 | D        | Noticed a yak
   346 | D        | Noticed a shadow
   346 | D        | Noticed a steam dragon
   346 | D        | Noticed a gargoyle
   346 | D        | Noticed a yak
   353 | D        | Killed a yak
   354 | D        | Reached skill level 7 in Maces & Flails
   354 | D        | Reached skill level 1 in Dodging
   354 | D        | Reached XP level 6. HP: 43/58 MP: 6/6
   357 | D        | Killed a gargoyle
   358 | D        | Reached skill level 9 in Maces & Flails
   358 | D        | Gained mutation: You curl defensively after being hit. (AC
                  | +7*) [Palentonga growth]
   358 | D        | Reached XP level 7. HP: 44/66 MP: 7/7
   364 | D        | Killed a steam dragon
   365 | D        | Reached skill level 10 in Maces & Flails
   374 | D        | Killed a shadow
   377 | D        | Killed a yak
   378 | D        | Reached XP level 8. HP: 23/75 MP: 8/8
   621 | D        | Noticed a centaur warrior
   621 | D        | Noticed a cyan ugly thing
   621 | D        | Noticed a manticore
   637 | D        | Noticed a cane toad
   637 | D        | a black bear changed into a cane toad
   641 | D        | a cane toad changed into a spriggan
   652 | D        | Reached skill level 11 in Maces & Flails
   652 | D        | Reached skill level 1 in Stealth
   886 | D        | Killed a manticore
   893 | D        | Killed a cyan ugly thing
   894 | D        | Reached skill level 12 in Maces & Flails
   899 | D        | Killed a centaur warrior
   900 | D        | Reached skill level 10 in Fighting
   900 | D        | Reached skill level 1 in Evocations
   900 | D        | Reached XP level 9. HP: 20/83 MP: 9/9
   905 | D        | Reached skill level 13 in Maces & Flails
  1266 | D        | Noticed a cane toad
  1266 | D        | Noticed a cane toad
  1266 | D        | Noticed a komodo dragon
  1269 | D        | Killed a komodo dragon
  1274 | D        | Noticed a komodo dragon
  1284 | D        | Killed a cane toad
  1285 | D        | Reached skill level 10 in Armour
  1584 | D        | Killed a cane toad
  1594 | D        | Reached skill level 14 in Maces & Flails
  1596 | D        | Reached XP level 10. HP: 77/92 MP: 10/10
  1885 | D        | Noticed a cane toad
  1885 | D        | Noticed a cane toad
  1903 | D        | Killed a cane toad
  1904 | D        | Reached skill level 15 in Maces & Flails
  1910 | D        | Killed a cane toad
  2294 | D        | Noticed a death yak
  2294 | D        | Noticed a death yak
  2294 | D        | Noticed a death yak
  2294 | D        | Noticed a death yak
  2308 | D        | Killed a death yak
  2310 | D        | Noticed a death yak
  2313 | D        | Noticed a death yak
  2321 | D        | Killed a death yak
  2322 | D        | Reached skill level 16 in Maces & Flails
  2336 | D        | Killed a death yak
  2337 | D        | Reached XP level 11. HP: 26/102 MP: 11/11
  2339 | D        | Killed a death yak
  2340 | D        | Reached skill level 5 in Dodging
  2342 | D        | Killed a death yak
  2638 | D        | Killed a death yak
  2639 | D        | Reached skill level 17 in Maces & Flails
  2870 | D        | Noticed Harold
  2882 | D        | Killed Harold
  3283 | D        | Found Fuadd's General Store.
  3283 | D        | Noticed an orc sorcerer
  3283 | D        | Noticed an orc sorcerer
  3283 | D        | Noticed an orc sorcerer
  3289 | D        | Noticed an orc sorcerer
  3294 | D        | Killed an orc sorcerer
  3299 | D        | Found Sacwicamul's Jewellery Shop.
  3301 | D        | Noticed an orc sorcerer
  3302 | D        | Noticed a sixfirhy
  3306 | D        | Noticed a soul eater
  3307 | D        | Killed an orc sorcerer
  3308 | D        | Killed an orc sorcerer
  3312 | D        | Paralysed by an orc sorcerer for 5 turns
  3318 | D        | Killed an orc sorcerer
  3318 | D        | Killed from afar by an orc sorcerer

Illustrated notes

Levels and vault maps discovered:
D:        linesprint [early_d, line_temple, items_1, d_10, items_2, lair_1,
          lair_end, items_3, orc_1, orc_end, items_4, d_15, swamp_1, shoals_1,
          snake_1, spider_1, d_20, vaults_1, items_5, swamp_end, shoals_end,
          snake_end, spider_end, vaults_end, d_27, items_6, zot_1, zot_end,
          crypt_end, forest_end, elf_end, slime_end, tomb_end, abyss_end,
          pan_hell_end]

Skill      XL: |  1  2  3  4  5  6  7  8  9 10 11 |
---------------+----------------------------------+-----
Shields        | 4 5 6 7 8 |  8.9
Fighting       | 4 6 7 8 9 10 12 13 | 13.6
Maces & Flails | 3 5 7 9 10 12 14 16 17 | 17.9
Armour         | 3 4 5 6 7 9 10 11 | 11.8
Dodging        | 1 2 3 4 5 |  5.8
Stealth        | 2 3 4 |  4.9
Evocations     | 1 2 3 |  3.0

Action                   |  1- 3 |  4- 6 |  7- 9 | 10-12 || total
-------------------------+-------+-------+-------+-------++-------
Melee: Flail             |    24 |    19 |       |       ||    43
       Tailslap          |     1 |     5 |    15 |    29 ||    50
       Morningstar       |       |    11 |    69 |   194 ||   274
 Abil: Rolling Charge    |       |       |     4 |     9 ||    13
Evoke: Wand              |       |       |     3 |     6 ||     9
  Use: Potion            |     1 |     2 |     2 |     3 ||     8
 Stab: Invisible         |       |       |     2 |     3 ||     5
       Distracted        |       |       |       |     1 ||     1
Armor: Scale mail        |    10 |     7 |    28 |    29 ||    74
Dodge: Dodged            |     6 |     5 |    19 |    48 ||    78
Block: Buckler           |     6 |     8 |    10 |    28 ||    52

Table legend: (Time is in decaauts)
 A = Elapsed time spent in this place.
 B = Non-inter-level travel time spent in this place.
 C = Inter-level travel time spent in this place.
 D = Time resting spent in this place.
 E = Time spent auto-exploring this place.
 F = Levels seen in this place.
 G = Mean time per level.
                   A        B        C        D        E       F      G
               +--------+--------+--------+--------+--------+-----+--------+
         Total |   3284 |   3284 |      0 |   2202 |    355 |   1 | 3284.0 |
       Dungeon |   3284 |   3284 |      0 |   2202 |    355 |   1 | 3284.0 |
               +--------+--------+--------+--------+--------+-----+--------+

Top non-repeatable levels by time:
       D: 3284 daAuts
